 Dungeon Crawl Stone Soup version 0.27-a0-1501-g9d6fb14e67 (webtiles) character file.

Game seed: 8850605372487802887

21 Lekart the Skirmisher (level 2, -5/26 HPs)
             Began as a Draconian Chaos Knight on July 8, 2021.
             Was a Plaything of Xom.
             Slain by a gnoll (6 damage)
             ... on level 2 of the Dungeon.
             The game lasted 00:01:43 (1120 turns).

Lekart the Skirmisher (Draconian Chaos Knight)      Turns: 1120, Time: 00:01:44

Health: -5/26      AC:  4    Str: 14      XL:     2   Next: 65%
Magic:  3/3        EV: 12    Int: 11 (12) God:    Xom [*.....]
Gold:   138        SH:  0    Dex: 10      Spells: 2/2 levels left

rFire    . . .     SeeInvis .   a - +0 falchion (chaos)
rCold    . . .     Faith    .   (no shield)
rNeg     . . .     Spirit   .   (armour unavailable)
rPois    .         Reflect  .   (helmet restricted)
rElec    .         Harm     .   (no cloak)
rCorr    .         Rampage  .   (no gloves)
Will     .....                  (no boots)
Stlth    +.........             (no amulet)
HPRegen  0.08/turn              (no ring)
MPRegen  0.08/turn              (no ring)

@: no status effects
A: AC +4, unfitting armour, cold-blooded
a: Renounce Religion


You were on level 2 of the Dungeon.
You worshipped Xom.
You were a special plaything of Xom.
You visited 1 branch of the dungeon, and saw 2 of its levels.

You collected 138 gold pieces.

Inventory:

Hand Weapons
 a - a +0 falchion of chaos (weapon)
Potions
 b - a potion of curing {unknown}
 c - a potion of attraction {unknown}


   Skills:
 + Level 3.6 Fighting
 + Level 3.4 Long Blades
 + Level 2.2 Dodging
 * Level 0.7 Spellcasting


You had 2 spell levels left.
You didn't know any spells.
Your spell library contained the following spells:

 Spells                   Type           Power      Damage    Failure   Level
 Frozen Ramparts          Ice            0%         1d2       69%         3
 Ice Form                 Ice/Tmut       0%         N/A       97%         4
 Summon Ice Beast         Ice/Summ       0%         N/A       97%         4


Dungeon Overview and Level Annotations

Branches:
Dungeon (2/15)

Altars:

Shops:
D:1 [?


Innate Abilities, Weirdness & Mutations

Your plain brown scales are hard. (AC +4)
You cannot fit into any form of body armour.
You are cold-blooded and may be slowed by cold attacks.


Message History

"Time to have some fun!"
There are monsters nearby!
You barely miss the white imp.
Your tail-slap misses the white imp.
The white imp gestures at you. The puff of frost hits you!
There are monsters nearby!
You barely miss the white imp. The white imp closely misses you.
The shadow imp misses you.
There are monsters nearby!
You closely miss the white imp. The white imp hits you.
The white imp freezes you. The shadow imp barely misses you.
You riposte.
You hit the shadow imp.
You tail-slap the shadow imp, but do no damage.
The shadow imp is moderately wounded.
You are too injured to fight recklessly!
You are too injured to fight recklessly!
You are too injured to fight recklessly!
There is an open door here.
The white imp shouts, "Escape, thou pribbling dismal-dreaming tiler!"
The shadow imp shouts, "Give up, thou puny two-tin-hat joithead!"
The white imp gestures at you. The puff of frost hits you!
* * * LOW HITPOINT WARNING * * *
The white imp gestures at you. The puff of frost misses you.
There is an open door here.
The white imp gestures at you. The puff of frost hits you.
* * * LOW HITPOINT WARNING * * *
There is a stone staircase leading down here.
You climb downwards.
A giant cockroach, 4 gnolls and a gnoll shaman come into view.
The gnoll shouts! x4; You hear an angry hiss.
There is a stone staircase leading up here.
The giant cockroach misses you.
The gnoll shaman calls down the wrath of its god upon you.
You resist with significant effort. The gnoll closely misses you.
The gnoll hits you with a +0 flail.
You die...
Xom guffaws!

##. ..g
##.# #.g.
g.#
.###.###.g#
......g@B.#
###########


You could see a gnoll shaman, 4 gnolls and a giant cockroach.

Vanquished Creatures
  2 bats (D:1)
  2 giant cockroaches (D:1)
  2 goblins (D:1)
  4 hobgoblins (D:1)
  2 jackals (D:1)
  A quokka (D:1)
  3 kobolds (D:1)
  3 rats (D:1)
19 creatures vanquished.

Notes
Turn   | Place    | Note
-------+----------+-------------------------------------------
     0 | D:1      | Lekart the Draconian Chaos Knight began the quest for the
                  | Orb.
     0 | D:1      | Reached XP level 1. HP: 19/19 MP: 1/1
    34 | D:1      | XOM: silly message
    77 | D:1      | XOM: 2-stop teleportation journey
    99 | D:1      | XOM: stat loss: -1 Int (11/12)
   231 | D:1      | XOM: enchant monster (bad)
   405 | D:1      | Found a faded altar of an unknown god.
   412 | D:1      | XOM: 4-stop teleportation journey
   422 | D:1      | Found Gilut's Magic Scroll Shoppe.
   565 | D:1      | Reached XP level 2. HP: 23/26 MP: 2/2
   834 | D:1      | Found Jausmaorr's Armour Shoppe.
  1087 | D:1      | XOM: summons 2 hostile demons
  1117 | D:1      | HP: 1/26 [white imp/puff of frost[Xom] (6)]
  1120 | D:2      | Slain by a gnoll

Illustrated notes

Levels and vault maps discovered:
D:1:      matt_arrival_los_fun, layout_loops_corners, serial_shops, shop_coins,
          shop, hellmonk_ecumenical_altar_pennies_from_heaven
D:2:      layout_loops_ring, uniq_crazy_yiuf_cottage, uniq_natasha

Action                   || total
-------------------------++-------
Melee: Falchion          ||    58
       Tailslap          ||     6
Armor: Skin              ||    20
Dodge: Dodged            ||    43
       Rpst.: Falchion   ||    15

Table legend: (Time is in decaauts)
 A = Elapsed time spent in this place.
 B = Non-inter-level travel time spent in this place.
 C = Inter-level travel time spent in this place.
 D = Time resting spent in this place.
 E = Time spent auto-exploring this place.
 F = Levels seen in this place.
 G = Mean time per level.
                   A        B        C        D        E       F      G
               +--------+--------+--------+--------+--------+-----+--------+
         Total |   1132 |   1132 |      0 |      0 |    962 |   2 |  566.0 |
       Dungeon |   1132 |   1132 |      0 |      0 |    962 |   2 |  566.0 |
               +--------+--------+--------+--------+--------+-----+--------+

Top non-repeatable levels by time:
     D:1: 1131 daAuts
     D:2: 0 daAuts
